 Dungeon Crawl Stone Soup version 0.25.0-45-g978344163c (webtiles) character file.

Game seed: 6222449131191715592

449 Ethylacetat the Gusty (level 7, 0/41 HPs)
             Began as an Octopode Air Elementalist on July 11, 2020.
             Killed from afar by an orc wizard (12 damage)
             ... with a puff of flame
             ... on level 4 of the Dungeon.
             The game lasted 00:19:02 (4150 turns).

Ethylacetat the Gusty (Octopode Air Elementalist)   Turns: 4150, Time: 00:19:04

Health: 0/41       AC:  1    Str: 13    XL:     7   Next: 4%
Magic:  10/13      EV: 13    Int: 20    God:
Gold:   186        SH:  0    Dex: 12    Spells: 9/14 levels left

rFire    . . .     SeeInvis +   n - +0 dagger (venom)
rCold    + . .     Gourm    .   (no shield)
rNeg     . . .     Faith    .   (helmet restricted)
rPois    .         Spirit   .   (no amulet)
rElec    .         Reflect  .   i - ring of see invisible (curse)
rCorr    .         Harm     .   o - +6 ring of strength
MR       .....                  f - ring of protection from cold
Stlth    +++.......             (no ring)
HPRegen  0.13/turn              (no ring)
MPRegen  0.13/turn              (no ring)
                                (no ring)
                                (no ring)

@: no status effects
A: almost no armour, stealthy swim, amphibious, 8 rings, constrict 8, camouflage
1, gelatinous body 1
a: no special abilities


You were on level 4 of the Dungeon.
You were not hungry.

You visited 1 branch of the dungeon, and saw 4 of its levels.

You collected 186 gold pieces.

Inventory:

Hand Weapons
 n - a +0 dagger of venom (weapon)
Jewellery
 f - a ring of protection from cold (on tentacle)
 i - a cursed ring of see invisible (left tentacle)
 o - a +6 ring of strength (right tentacle)
Scrolls
 a - 7 scrolls of remove curse {unknown}
 c - 2 scrolls of teleportation {unknown}
 g - 3 scrolls of identify {unknown}
 l - a scroll of fear {unknown}
 m - 3 scrolls of enchant armour {unknown}
 r - a scroll of immolation {unknown}
 t - a scroll of random uselessness {unknown}
 x - a scroll of noise {unknown}
Potions
 d - a potion of cancellation {unknown}
 e - 3 potions of curing {unknown}
 h - a potion of stabbing {unknown}
 j - 3 potions of heal wounds {unknown}
 k - a potion of ambrosia {unknown}
 p - a potion of haste
 q - a potion of mutation {unknown}
 s - a potion of berserk rage {unknown}
 v - a potion of might {unknown}
 w - a potion of lignification {unknown}
 z - a potion of invisibility {unknown}
Comestibles
 b - 8 rations
 u - a chunk of flesh


   Skills:
 - Level 2.0 Dodging
 - Level 2.6 Stealth
 + Level 4.1 Spellcasting
 - Level 1.0 Conjurations
 * Level 6.5 Air Magic


You had 9 spell levels left.
You knew the following spells:

 Your Spells              Type           Power        Failure   Level  Hunger
a - Shock                 Conj/Air       ###.         2%          1    None
b - Airstrike             Air            ####......   9%          4    ####...

Your spell library contained the following spells:

 Spells                   Type           Power        Failure   Level  Hunger
 Swiftness                Chrm/Air       ###.....     4%          2    #......
 Static Discharge         Conj/Air       ###.....     9%          3    ###....
 Lightning Bolt           Conj/Air       ###.......   58%         5    ######.


Dungeon Overview and Level Annotations

Branches:
Dungeon (4/15)
 Temple: D:4-7

Altars:
Dithmenos
Qazlal
Trog
Uskayaw
The Shining One

Shops:
D:4 !

Annotations:
D:3 2 runed translucent doors, Colgate's ghost, amateur TrFi
D:4 Duvessa


Innate Abilities, Weirdness & Mutations

You cannot wear most types of armour.
You are very stealthy in the water. (Stealth+)
You are amphibious.
You can wear up to eight rings at the same time.
You can use your tentacles to constrict eight enemies at once.
Your skin changes colour to match your surroundings (Stealth+).
Your rubbery body absorbs attacks. (AC +1, EV +1)


Message History

Press: ? - help, Shift-Dir - straight line The zap hits the orc wizard.
The orc wizard is severely wounded.
The zap hits the orc.
You kill the orc!
Casting: Shock (safe; 2% risk of failure)
Confirm with . or Enter, or press ? or * to list all spells.
Okay, then.
Some of the chunks of flesh in your inventory have rotted away.
Casting: Shock (safe; 2% risk of failure)
Confirm with . or Enter, or press ? or * to list all spells.
Aiming: Shock (safe; 2% risk of failure)
Press: ? - help, Shift-Dir - straight line The zap misses the orc wizard.
The zap hits the orc wizard.
The orc wizard is almost dead.
The zap hits the orc wizard.
The orc wizard is moderately wounded.
The orc wizard gestures at you while chanting.
The puff of flame hits you!
You die...

.##....####.........####...#
.##.#..# ##.......## #
.##....# ##.....## .####..#
##..†## .# #..# ##'##
.####..# #.# .......# #o# .
#####.## ##o####.... #.#
##..@.....#
#.#######.....##.##
#............##
###########.## ###


You could see 2 orc wizards.

Vanquished Creatures
  An ogre (D:4)
  A crimson imp (D:4)
  3 orc wizards
  Natasha (thrice) (D:2)
  3 adders
  2 oozes (D:1)
  4 worms
  4 dart slugs
  4 leopard geckos
  18 orcs
  4 bats
  4 giant cockroaches
  9 goblins
  11 hobgoblins
  6 jackals
  4 frilled lizards
  3 goblin skeletons (D:4)
  A goblin zombie (D:4)
  2 hobgoblin zombies (D:4)
  11 kobolds
  A kobold skeleton (D:4)
  An orc zombie (D:4)
  8 rats
108 creatures vanquished.

Notes
Turn   | Place    | Note
-------+----------+-------------------------------------------
     0 | D:1      | Ethylacetat the Octopode Air Elementalist began the quest
                  | for the Orb.
     0 | D:1      | Reached XP level 1. HP: 11/11 MP: 3/3
   163 | D:1      | Reached XP level 2. HP: 12/17 MP: 0/5
   472 | D:1      | You fall into a shaft and drop 1 floor!
   541 | D:1      | Reached XP level 3. HP: 21/21 MP: 4/6
  1001 | D:2      | Reached skill level 4 in Air Magic
  1048 | D:2      | Noticed Natasha
  1059 | D:2      | Killed Natasha
  1059 | D:2      | Reached XP level 4. HP: 9/27 MP: 6/8
  1420 | D:2      | Noticed Natasha
  1429 | D:2      | Killed Natasha
  1686 | D:2      | Reached XP level 5. HP: 26/31 MP: 9/9
  1770 | D:2      | Learned a level 4 spell: Airstrike
  1952 | D:2      | Noticed Natasha
  1959 | D:2      | Killed Natasha
  1959 | D:2      | Reached skill level 5 in Air Magic
  1967 | D:3      | Found a large runed translucent door.
  1968 | D:3      | Found a large runed translucent door.
  1974 | D:3      | Noticed Colgate's ghost (amateur TrFi)
  2279 | D:3      | Found a stormy altar of Qazlal.
  2898 | D:3      | Reached XP level 6. HP: 36/36 MP: 6/11
  3129 | D:4      | Found a shadowy altar of Dithmenos.
  3130 | D:4      | Found a hide-covered altar of Uskayaw.
  3140 | D:4      | Found a bloodstained altar of Trog.
  3338 | D:4      | Found a glowing golden altar of the Shining One.
  3369 | D:4      | Reached skill level 6 in Air Magic
  3615 | D:4      | Found Wangelau's Distillery.
  3846 | D:4      | Reached XP level 7. HP: 36/41 MP: 13/13
  3910 | D:4      | Noticed Duvessa
  4150 | D:4      | Killed from afar by an orc wizard

Illustrated notes

Levels and vault maps discovered:
D:1:      minmay_arrival_stone_box, layout_loops_ring, minmay_octomino_j4
D:2:      minmay_evil_eye, layout_rooms, kennysheep_generic_room_2, uniq_natasha
D:3:      minmay_chambers_of_twos, layout_basic,
          nicolae_qazlal_general_emergency, ebering_ghost_disaster_area,
          first_ration
D:4:      layout_loops_corners, kennysheep_little_box,
          grunt_temple_overflow_open, serial_shops, nicolae_shop_behind_doors,
          nicolae_tso_besieged_by_evil, uniq_duvessa

Skill      XL: |  1  2  3  4  5  6 |
---------------+-------------------+-----
Air Magic      | 4 5 6 |  6.5
Spellcasting   | 3 4 |  4.1
Dodging        | |  2.0
Stealth        | |  2.6
Conjurations   | |  1.0

Action                   |  1- 3 |  4- 6 |  7- 9 || total
-------------------------+-------+-------+-------++-------
Melee: Unarmed           |     6 |       |       ||     6
       Constrict         |     7 |    21 |       ||    28
       Dagger            |    21 |    64 |     3 ||    88
       Tentacles         |     2 |    12 |       ||    14
 Cast: Shock             |    26 |    75 |     9 ||   110
       Airstrike         |       |     2 |     3 ||     5
 Stab: Sleeping          |     5 |     5 |     1 ||    11
  Eat: Chunk             |     1 |     9 |     1 ||    11
Armor: Skin              |     7 |     3 |       ||    10
Dodge: Dodged            |    24 |    39 |     6 ||    69
